 Dungeon Crawl Stone Soup version 0.22-a0-284-g99d1f7439c (webtiles) character file.

2835 Infinimo the Carver (level 9, -3/61 HPs)
             Began as a Demonspawn Gladiator on Mar 21, 2018.
             Was a Follower of Ashenzari.
             Slain by a hog (9 damage)
             ... on level 6 of the Dungeon.
             The game lasted 00:13:32 (9090 turns).

Infinimo the Carver (Demonspawn Gladiator)          Turns: 9090, Time: 00:13:32

Health: -3/61      AC: 10    Str: 16    XL:     9   Next: 45%
Magic:  9/9        EV: 10    Int: 12    God:    Ashenzari [*.....]
Gold:   56         SH:  0    Dex: 18    Spells: 8/8 levels left

rFire    + . .     SeeInvis +   B - +0 great sword (curse)
rCold    . . .     Gourm    .   (shield currently unavailable)
rNeg     . . .     Faith    .   l - +0 scale mail
rPois    .         Spirit   .   a - +0 helmet {SInv} (curse)
rElec    .         Reflect  .   e - +1 cloak (curse)
rCorr    .         Harm     .   i - +0 pair of gloves
MR       .....                  (no boots)
Stlth    ..........             (no amulet)
HPRegen  0.20/turn              j - ring of see invisible (curse)
MPRegen  0.11/turn              r - +4 ring of dexterity

@: drained
A: hooves 2, fire resistance 1
a: Curse Item, Scrying, Renounce Religion


You were on level 6 of the Dungeon.
You worshipped Ashenzari.
Ashenzari was aware of your devotion.
You were not hungry.

You visited 2 branches of the dungeon, and saw 8 of its levels.

You collected 308 gold pieces.
You spent 252 gold pieces at shops.

Inventory:

Hand Weapons
 b - a cursed +5 great sword of freezing
 B - a cursed +0 great sword (weapon)
Missiles
 d - 4 throwing nets (quivered)
Armour
 a - a cursed +0 helmet of see invisible (worn)
 c - a cursed +0 helmet
 e - a cursed +1 cloak (worn)
 i - a +0 pair of gloves (worn)
 l - a +0 scale mail (worn)
Jewellery
 g - an uncursed ring of flight
 j - a cursed ring of see invisible (left hand)
 r - a +4 ring of dexterity (right hand)
 s - an uncursed ring of positive energy
 v - a +2 ring of intelligence
Scrolls
 k - 4 scrolls of identify
 m - a scroll of fog
 n - a scroll of teleportation
 o - a scroll of remove curse
 p - a scroll of amnesia
 x - 2 scrolls of fear
Potions
 h - 2 potions of heal wounds
 t - a potion of mutation {unknown}
 u - a potion of curing
 w - a potion of haste
Comestibles
 f - 8 rations
 q - 4 chunks of flesh


   Skills:
 - Level 2.0(1.8) Fighting
 + Level 12.0(11.9) Long Blades
 - Level 1.7(1.6) Throwing
 - Level 2.6(2.5) Dodging


You had 8 spell levels left.
You didn't know any spells.

Dungeon Overview and Level Annotations

Branches:
Dungeon (7/15)             Temple (1/1) D:4

Altars:
Ashenzari
Cheibriados
Dithmenos
Elyvilon
Fedhas
Gozag
Hepliaklqana
Kikubaaqudgha
Makhleb
Nemelex Xobeh
Qazlal
Sif Muna
Trog
Uskayaw
Vehumet
Wu Jian
Xom
Yredelemnul
Zin
The Shining One

Shops:
D:5 [   D:7 :!:


Innate Abilities, Weirdness & Mutations

You have hoof-like feet.
Your flesh is heat resistant. (rF+)


Message History

The hog bites you.
* * * LOW HITPOINT WARNING * * *
The hog bites you!
* * * LOW HITPOINT WARNING * * *
You climb upwards.
There is a stone staircase leading down here.
You kick the hog.
The hog is moderately wounded.
The hog is moderately wounded.
You riposte.
You kick the hog!
The hog is almost dead.
The hog is almost dead.
The hog bites you.
* * * LOW HITPOINT WARNING * * *
The hog is almost dead.
The hog is almost dead.
The hog bites you.
* * * LOW HITPOINT WARNING * * *
The hog bites you!
You die...

###### #....# ###
#....# #.# #....#
#.# #....# #.#
####....########h#
..(')...........@#
####....########.#
###### #.#
#############.#
#.............#
#.#############
#.# #.# #.#


You could see a hog.

Vanquished Creatures
  Grinder (D:3)
  A hippogriff (D:6)
  An ice beast (D:5)
  2 black bears
  A sky beast (D:3)
  2 ogres
  The ghost of WhatIsLove the Magician, an amateur GnWz (D:3)
  5 centaurs
  7 wights
  3 crimson imps (D:7)
  A bullfrog zombie (D:5)
  4 hounds
  A jelly (D:6)
  A bullfrog skeleton (D:5)
  5 orc priests
  4 orc wizards
  A centaur skeleton (D:7)
  Jessica (D:1)
  Ijyb (D:4)
  Terence (D:3)
  3 worker ants
  A killer bee zombie (D:5)
  A howler monkey zombie (D:6)
  Robin (D:2)
  15 adders
  7 gnolls (D:6)
  A shadow imp (D:6)
  2 oozes
  2 worms
  A dart slug (D:2)
  4 leopard geckos
  18 orcs
  5 ball pythons
  4 bats
  3 giant cockroaches
  15 goblins
  10 hobgoblins
  11 jackals
  2 quokkas
  5 frilled lizards
  5 kobolds
  2 leopard gecko skeletons (D:7)
  5 rats
167 creatures vanquished.

Vanquished Creatures (others)
  A quokka (D:7)
1 creature vanquished.

Grand Total: 168 creatures vanquished

Notes
Turn   | Place    | Note
-------+----------+-------------------------------------------
     0 | D:1      | Infinimo the Demonspawn Gladiator began the quest for the Orb.
     0 | D:1      | Reached XP level 1. HP: 16/16 MP: 1/1
    42 | D:1      | Reached skill level 3 in Long Blades
    89 | D:1      | Gained mutation: You have large cloven feet. [demonic ancestry]
    89 | D:1      | Reached XP level 2. HP: 21/22 MP: 2/2
  1043 | D:2      | Reached skill level 4 in Long Blades
  1043 | D:2      | Reached XP level 3. HP: 23/27 MP: 3/3
  1361 | D:2      | Noticed Jessica
  1364 | D:2      | Noticed Robin
  1417 | D:1      | Reached XP level 4. HP: 17/33 MP: 2/4
  1427 | D:1      | Killed Jessica
  1591 | D:2      | Killed Robin
  1644 | D:2      | Found a faded altar of an unknown god.
  1746 | D:2      | Reached skill level 5 in Long Blades
  2306 | D:3      | Found a stormy altar of Qazlal.
  2308 | D:3      | Noticed an earth elemental
  2309 | D:3      | Noticed a fire elemental
  2309 | D:3      | Noticed an air elemental
  2309 | D:3      | Noticed a water elemental
  2337 | D:3      | Found an ornate altar of the Wu Jian Council.
  2342 | D:3      | Noticed Terence
  2356 | D:3      | Killed Terence
  2356 | D:3      | Reached XP level 5. HP: 25/38 MP: 5/5
  2368 | D:3      | Noticed WhatIsLove's ghost (amateur GnWz)
  2395 | D:3      | Killed WhatIsLove's ghost
  2395 | D:3      | Reached skill level 6 in Long Blades
  2406 | D:3      | Noticed a centaur
  2576 | D:3      | Killed a centaur
  2576 | D:3      | Reached XP level 6. HP: 16/44 MP: 6/6
  3131 | D:3      | Found a blossoming altar of Fedhas.
  3618 | D:3      | Noticed Grinder
  3620 | D:3      | Noticed a sky beast
  3636 | D:3      | Killed a sky beast
  3636 | D:3      | Reached skill level 7 in Long Blades
  3684 | D:3      | Killed Grinder
  3684 | D:3      | Gained mutation: Your flesh is heat resistant. (rF+) [demonic ancestry]
  3684 | D:3      | Reached XP level 7. HP: 19/50 MP: 7/7
  4254 | D:4      | Found a staircase to the Ecumenical Temple.
  4266 | Temple   | Entered the Ecumenical Temple
  4370 | Temple   | Became a worshipper of Ashenzari the Shackled
  4402 | D:4      | Reached skill level 8 in Long Blades
  4675 | D:4      | Noticed Ijyb
  4703 | D:4      | Killed Ijyb
  4793 | D:4      | Found a burning altar of Makhleb.
  5258 | D:5      | Entered Level 5 of the Dungeon
  5767 | D:5      | Reached skill level 9 in Long Blades
  5767 | D:5      | Gained mutation: You have hoof-like feet. [demonic ancestry]
  5767 | D:5      | Reached XP level 8. HP: 55/56 MP: 8/8
  5784 | D:5      | Found an ancient bone altar of Kikubaaqudgha.
  5806 | D:5      | Identified a scroll of acquirement
  5881 | D:5      | Found Kumuysch's Armour Boutique.
  6144 | D:5      | HP: 1/56 [ogre/giant club (23)]
  6803 | D:6      | Reached skill level 10 in Long Blades
  7184 | D:6      | Noticed a hippogriff
  7222 | D:6      | Reached * piety under Ashenzari
  7499 | D:6      | Killed a hippogriff
  7585 | D:6      | Found a hazy altar of Hepliaklqana.
  7989 | D:6      | Reached skill level 11 in Long Blades
  8091 | D:6      | Reached XP level 9. HP: 61/61 MP: 9/9
  8598 | D:7      | Found Domagiy's Book Shop.
  8744 | D:7      | Found Rohuvaox's Book Emporium.
  8790 | D:7      | HP: 1/61 [orc priest/divine providence (12)]
  8796 | D:7      | HP: 2/61 [orc priest/club (1)]
  8798 | D:7      | Reached skill level 12 in Long Blades
  9005 | D:7      | Found Wakko's Distillery.
  9048 | D:7      | Bought a potion of curing for 42 gold pieces
  9048 | D:7      | Bought a potion of heal wounds for 70 gold pieces
  9048 | D:7      | Bought a potion of haste for 140 gold pieces
  9083 | D:7      | Found a hide-covered altar of Uskayaw.
  9090 | D:6      | Slain by a hog

Vault maps used:
D:1:      lordsloth_arrival_two_stooges, minmay_misc_feat_pillars,
          grunt_decor_mini_mirrors
D:2:      chequers_ecumenical_altar_island, uniq_jessica, uniq_robin
D:3:      nicolae_qazlal_style_of_elements, overflow_temple_1_default,
          first_ration, fedhas_altar_3, uniq_terence, uniq_grinder
D:4:      old_standard_altar, minmay_temple_entry_junction, uniq_ijyb
D:5:      kennysheep_little_box, serial_shops,
          nicolae_shop_temple_entry_statues_fountains
D:6:      overflow_temple_1_default
D:7:      kennysheep_mini_moat, serial_shops, shop_fountains,
          nicolae_shop_stone, nicolae_shop_stone, shop, grunt_livestock,
          elyvilon_altar_4
Temple:   nicolae_temple_great_sept

Skill      XL: |  1  2  3  4  5  6  7  8  9 |
---------------+----------------------------+-----
Long Blades    | 3 4 5 6 7 9 11 12 | 12.0
Fighting       | |  2.0
Throwing       | |  1.7
Dodging        | |  2.6

Action                   |  1- 3 |  4- 6 |  7- 9 || total
-------------------------+-------+-------+-------++-------
Melee: Long sword        |   105 |   134 |   121 ||   360
       Kick              |    16 |    33 |   132 ||   181
       Great sword       |       |       |   191 ||   191
Invok: Curse Item        |       |       |     5 ||     5
  Use: Scroll            |     4 |       |    11 ||    15
       Potion            |     1 |     3 |    13 ||    17
 Stab: Sleeping          |       |       |     2 ||     2
  Eat: Chunk             |     2 |     7 |    11 ||    20
       Ration            |       |       |     2 ||     2
Armor: Leather armour    |    35 |    33 |    61 ||   129
       Skin              |       |    17 |       ||    17
       Scale mail        |       |       |    62 ||    62
Dodge: Dodged            |   109 |   100 |   207 ||   416
       Rpst.: Long sword |    24 |    30 |    16 ||    70
       Great sword       |       |       |    35 ||    35

Table legend:
 A = Spawn XP
 B = Non-spawn XP
 C = Spawn XP percentage of total XP
 D = Spawn monster count
 E = Non-spawn monster count
 F = Spawn count percentage of total count
 G = Total turns spent on level
                    A         B        C        D         E        F      G
               +---------+---------+-------+---------+---------+-------+---------
         Total |       0 |    4051 |   0.0 |       0 |     167 |   0.0 |  9090
               +---------+---------+-------+---------+---------+-------+---------
           D:1 |       0 |      77 |   0.0 |       0 |      24 |   0.0 |  1184
           D:2 |       0 |     115 |   0.0 |       0 |      32 |   0.0 |  1118
           D:3 |       0 |     742 |   0.0 |       0 |      22 |   0.0 |  1841
           D:4 |       0 |     347 |   0.0 |       0 |      15 |   0.0 |  1068
           D:5 |       0 |     683 |   0.0 |       0 |      23 |   0.0 |  1449
           D:6 |       0 |     944 |   0.0 |       0 |      20 |   0.0 |  1401
           D:7 |       0 |    1143 |   0.0 |       0 |      31 |   0.0 |   915
               +---------+---------+-------+---------+---------+-------+---------
